 Dungeon Crawl Stone Soup version 0.29-a0-1043-g569b05d6ff (webtiles) character file.

Game seed: 227282804526959574

67 KleinerIrrer the Insei (level 4, -6/31 HPs)
             Began as an Octopode Monk on Aug 16, 2022.
             Mangled by Grinder (8 damage)
             ... while paralysed by Grinder
             ... on level 3 of the Dungeon.
             The game lasted 00:03:30 (1378 turns).

KleinerIrrer the Insei (Octopode Monk)              Turns: 1378, Time: 00:03:30

Health: -6/31      AC:  1    Str: 10    XL:     4   Next: 16%
Magic:  4/4        EV:  2    Int: 14    God:
Gold:   67         SH:  0    Dex: 14    Spells: 3/3 levels left

rFire   . . .      SeeInvis .     - Unarmed
rCold   . . .      Faith    .   (no shield)
rNeg    . . .      Spirit   .   (helmet restricted)
rPois   .          Reflect  .   (no amulet)
rElec   .          Harm     .   (no ring)
rCorr   .          Rampage  .   (no ring)
Will    .....                   (no ring)
Stlth   ++........              (no ring)
HPRegen 0.10/turn               (no ring)
MPRegen 0.09/turn               (no ring)
                                (no ring)
                                (no ring)

@: confused, paralysed
A: almost no armour, amphibious, 8 rings, camouflage 1, gelatinous body 1,
(nimble swimmer 1), tentacles
a: no special abilities


You were on level 3 of the Dungeon.
You visited 1 branch of the dungeon, and saw 3 of its levels.

You collected 67 gold pieces.

Inventory:

Jewellery
 g - a +4 ring of protection
Scrolls
 c - 2 scrolls of enchant weapon {unknown}
 d - 4 scrolls of identify {unknown}
 e - a scroll of blinking {unknown}
 f - a scroll of teleportation {unknown}
 h - a scroll of immolation {unknown}
 j - a scroll of vulnerability {unknown}
 k - a scroll of magic mapping {unknown}
 l - a scroll of enchant armour {unknown}
Potions
 b - 2 potions of heal wounds {unknown}
 i - a potion of haste {unknown}
 m - a potion of flight {unknown}


   Skills:
 - Level 3.0 Fighting
 - Level 3.0 Dodging
 - Level 2.6 Stealth
 + Level 4.9 Unarmed Combat


You had 3 spell levels left.
You didn't know any spells.
Your spell library was empty.

Dungeon Overview and Level Annotations

Branches:
Dungeon (3/15)

Altars:

Annotations:
D:3 Grinder


Innate Abilities, Weirdness & Mutations

You cannot wear most types of armour.
You are amphibious.
You can wear up to eight rings at the same time.
Your skin changes colour to match your surroundings (Stealth+).
Your rubbery body absorbs attacks. (AC +1, EV +1)
((You are camouflaged when in or above water. (Stealth+)))
You have tentacles for arms and can constrict up to eight enemies at once.


Message History

You suddenly lose the ability to move!
You lose your grip on the orc wizard.
The orc wizard points at you and mumbles some strange words.
You are more confused.
The orc wizard hits you with a +0 dagger.
You can move again.
The orc wizard attacks as you move away!
The orc wizard closely misses you. Grinder completely misses you.
The orc wizard attacks as you move away!
The orc wizard hits you with a +0 dagger.
* * * LOW HITPOINT WARNING * * *
You are more confused.
You feel invigorated. Grinder hits you.
* * * LOW HITPOINT WARNING * * *
Grinder attacks as you move away! Grinder hits you.
* * * LOW HITPOINT WARNING * * *
Grinder attacks as you move away! Grinder hits you!
* * * LOW HITPOINT WARNING * * *
You writhe in agony.
* * * LOW HITPOINT WARNING * * *
Grinder gestures at you.
You barely resist.
You feel less invigorated.
Grinder blinks!
You closely miss the orc. You squeeze the orc, but do no damage.
Grinder gestures at you.
You suddenly lose the ability to move!
The orc wizard mumbles some strange words.
The orc wizard flickers and vanishes!
Deactivating autopickup; reactivate with Ctrl-A.
The orc hits you with a +0 dagger.
* * * LOW HITPOINT WARNING * * *
The orc hits you with a +0 dagger.
* * * LOW HITPOINT WARNING * * *
Something hits you.
* * * LOW HITPOINT WARNING * * *
The orc hits you with a +0 dagger.
* * * LOW HITPOINT WARNING * * *
Something hits you.
* * * LOW HITPOINT WARNING * * *
Grinder hits you!
You die...

#.##.# ..## #.##.####
..... #.##..##.#####.....
#.##....#..........
#.#....###.........
#.##....#.#)# . ####.#
#.#...#.# ...
.###....###...o.#)##.....
#..............@.....$#
#####.####.###.5.#.####
#. #.# #.#...# # ..#
#..##... ##.. ..##..?..#
[..#..# #..... ##.....
...... ##.# .......


You could see Grinder and an orc.

Vanquished Creatures
  Jessica (D:2)
  An adder (D:2)
  5 orcs (D:3)
  A ball python (D:2)
  An endoplasm (D:1)
  3 hobgoblins
  3 bats
  8 goblins
  3 kobolds
  A rat (D:1)
27 creatures vanquished.

Notes
Turn   | Place    | Note
-------+----------+-------------------------------------------
     0 | D:1      | KleinerIrrer the Octopode Monk began the quest for the Orb.
     0 | D:1      | Reached XP level 1. HP: 16/16 MP: 1/1
   255 | D:1      | Reached XP level 2. HP: 20/21 MP: 2/2
   821 | D:2      | Identified the +7 chain mail "Tiodu" {Harm Stlth+}
   992 | D:2      | Noticed Jessica
   999 | D:2      | Killed Jessica
  1000 | D:2      | Reached skill level 4 in Unarmed Combat
  1000 | D:2      | Reached XP level 3. HP: 26/26 MP: 3/3
  1348 | D:3      | Noticed Grinder
  1351 | D:3      | Reached XP level 4. HP: 23/31 MP: 4/4
  1367 | D:3      | Paralysed by Grinder for 2 turns
  1373 | D:3      | HP: 1/31 [Grinder (1)]
  1375 | D:3      | Paralysed by Grinder for 3 turns
  1378 | D:3      | Mangled by Grinder

Illustrated notes

Levels and vault maps discovered:
D:1:      roderic_octagonal_star, layout_basic
D:2:      layout_basic, uniq_jessica
D:3:      layout_loops_ring, uniq_grinder

Skill      XL: |  1  2 |
---------------+-------+-----
Unarmed Combat | 4 |  4.9
Fighting       | |  3.0
Dodging        | |  3.0
Stealth        | |  2.6

Action                   |  1- 3 |  4- 6 || total
-------------------------+-------+-------++-------
Melee: Unarmed           |    36 |    14 ||    50
       Constrict         |     8 |     5 ||    13
       Tentacles         |     7 |     5 ||    12
       Punch             |     3 |       ||     3
  Use: Potion            |       |     1 ||     1
 Stab: Sleeping          |     7 |       ||     7
Armor: Skin              |     6 |       ||     6
Dodge: Dodged            |    24 |     6 ||    30

Table legend: (Time is in decaauts)
 A = Elapsed time spent in this place.
 B = Non-inter-level travel time spent in this place.
 C = Inter-level travel time spent in this place.
 D = Time resting spent in this place.
 E = Time spent auto-exploring this place.
 F = Levels seen in this place.
 G = Mean time per level.
                   A        B        C        D        E       F      G
               +--------+--------+--------+--------+--------+-----+--------+
         Total |   1374 |   1332 |     42 |      0 |   1135 |   3 |  458.0 |
       Dungeon |   1374 |   1332 |     42 |      0 |   1135 |   3 |  458.0 |
               +--------+--------+--------+--------+--------+-----+--------+

Top non-repeatable levels by time:
     D:1: 689 daAuts
     D:2: 585 daAuts
     D:3: 99 daAuts
